AoeStats
← TERRES300

African Clearing

510436611Analyzed
4v4 RM · 17h ago on Oct 1, 2026· 24m 46s· 8 players
Game mode
Random Map
Map size
Large (8 player)
Population
200
Speed
Normal
Resources
Standard
Victory
Conquest
Starting age
Dark Age
Ending age
Imperial Age
RankedLock teamsTeams togetherTeam positionsShared explorationLock speedFull tech treeHidden civsTurbo modeCheats
Victory
Defeat
🇲🇽 Mongols · Mexico
1402
+10
🇪🇨 Huns · Ecuador
1312
+14
🇲🇽 Vietnamese · Mexico
1153
+53
🇲🇽 Spanish · Mexico
1132
+21
🇨🇴 Huns · Colombia
1292
-18
🇺🇸 Mongols · United States
1255
-16
🇨🇦 Saxons · Canada
1255
-16
🇮🇳 Varangians · India
1235
-15
dedw1ng
8:26 Loom
12:51 Feudal Age
18:10 Castle Age
17:27 Fletching
mattmcneil9
3:23 Loom
14:27 Feudal Age
18:19 Castle Age
16:38 Scale Barding Armor
17:55 Horse Collar
22:43 Bloodlines
23:49 Double-Bit Axe
24:45 Fletching
Chancellor Lizard
4:41 Loom
14:20 Feudal Age
19:15 Castle Age
suny619
4:13 Loom
14:01 Feudal Age
20:41 Castle Age
18:30 Horse Collar
19:07 Double-Bit Axe
23:20 Bow Saw
TERRES300
12:18 Loom
14:09 Feudal Age
15:53 Double-Bit Axe
16:04 Stone Mining
17:09 Man-at-Arms
20:13 Castle Age
22:27 Fletching
24:00 Horse Collar
BP | ham.io
5:50 Loom
11:36 Feudal Age
13:31 Forging
19:41 Castle Age
17:58 Scale Barding Armor
19:46 Light Cavalry
Garcia Luna
6:04 Loom
15:47 Feudal Age
20:07 Castle Age
18:35 Double-Bit Axe
20:40 Fletching
21:26 Bodkin Arrow
25:16 Wheelbarrow
TREX KID BOO
6:18 Loom
12:36 Feudal Age
14:06 Double-Bit Axe
15:41 Forging
16:24 Scale Barding Armor
16:42 Horse Collar
24:17 Castle Age
22:46 Gold Mining
22:55 Fletching
23:06 Padded Archer Armor
23:33 Bloodlines
Connection lost

Rejoining the realm…

Still unreachable

The connection could not be restored.

Session expired

The server has moved on; the page needs a fresh start.